 Dungeon Sprint DCSS version 0.30.1 (webtiles) character file.

Game seed: 13580520606240317856

1400000 Groucho the Severer (level 11, -10/68 HPs)
             Began as a Djinni Warper on July 7, 2023.
             Was an Initiate of Makhleb.
             Mangled by a meat berserker
             ... wielding a +9 battleaxe
              (64 damage)
             ... in the Dungeon (Sprint VIII: "Arena of Blood").
             The game lasted 00:00:59 (14 turns).

Groucho the Severer (Djinni Warper)                   Turns: 14, Time: 00:01:00

Health: -10/68     AC:  3    Str: 10    XL:     11   Next: 25%
Gold:   0          EV: 20    Int: 15    God:    Makhleb [......] SH:  0 Dex: 17

rFire   + + .        (no weapon)
rCold   x . .        (no shield)
rNeg    . . .        b - +0 leather armour
rPois   ∞            (no helmet)
rElec   .            (no cloak)
rCorr   .            (no gloves)
SInv    .            (boots unavailable)
Will    +....        (no amulet)
Stlth   +            (no ring)
HPRegen 0.31/turn    (no ring)
MPRegen 0.00/turn

%: no teleportation, infuse magic (-11 HP)
@: flying
A: sickness immunity, fire resistance 2, cold vulnerability 1, float, innate
caster, HP casting, extra vitality 1
a: Renounce Religion


You were in the Dungeon.
You worshipped Makhleb.
Makhleb was noncommittal.
You visited 1 branch

Inventory:

Hand Weapons
 a - a +0 hand axe
Missiles
 d - 7 boomerangs of dispersal (quivered)
Armour
 b - a +0 leather armour (worn)
Scrolls
 c - a scroll of blinking
Potions
 e - a potion of curing
 f - a potion of heal wounds
 g - a potion of haste
 h - a potion of berserk rage


   Skills:
 - Level 2.0 Fighting
 * Level 15.6 Axes
 - Level 0.7 Throwing
 - Level 1.0 Armour
 + Level 14.5 Dodging
 + Level 10.6 Spellcasting


You knew the following spells:

 Your Spells              Type           Power      Damage    Failure   Level
a - Blink                 Tloc           78%        N/A       1%          2
b - Lesser Beckoning      Tloc           78%        N/A       1%          2
c - Vhi's Electric Charg  Tloc/Air       78%        N/A       1%          3
d - Teleport Other        Tloc           39%        N/A       1%          3
e - Manifold Assault      Tloc           39%        N/A       1%          4
f - Shock                 Conj/Air       100%       1d9       1%          1
g - Poisonous Vapours     Pois/Air       78%        N/A       1%          2
h - Scorch                Fire           78%        2d8       1%          2
i - Fulminant Prism       Conj/Hex       19%        3d10      1%          4
j - Freezing Cloud        Conj/Ice/Air   19%        6-21      4%          5
Your spell library was empty.

Dungeon Overview and Level Annotations

Branches:
Dungeon (1/1)

Altars:
Makhleb


Innate Abilities, Weirdness & Mutations

You are immune to sickness and miasma.
You are immune to poison.
Your flesh is very heat resistant. (rF++)
You are vulnerable to cold. (rC-)
You float through the air rather than walking.
You learn spells naturally, not from books.
Your magical power is your life essence.
You have superior vitality. (+4 MHP)


Message History

The power to cast Freezing Cloud wells up from within.
Spell assigned to 'j'.
Unknown command.
Unknown command.
Unknown command.
You are now empty-handed.
You drop the +∞ Axe of Woe.
The bag of meat shouts!
You hear a shout! x7
The meat berserker closely misses you.
A meat berserker comes into view. It is wielding a +9 battleaxe.
You hear a shout!
The bag of meat hits you with a +9 war axe!
The meat berserker closely misses you.
You hear a shout!
You hear two shouts!
Unknown command.
Unknown command.
Really attack while wielding nothing?
Okay, then.
Unknown command.
Unknown command.
Blink to where?
Press: ? - help, Dir - move target 6 bags of meat, a large bag of meat and a meat berserker come into view.
Found a twisted copper ring.
As you read the scroll of blinking, it crumbles to dust.
The bag of meat shouts! x6; The large bag of meat shouts in stereo!
The meat berserker shouts!
You hear a shout! x12
The bag of meat moves out of view.
Unknown command.
Okay, then.
Okay, then.
The meat berserker appears out of thin air!
A meat berserker comes into view. It is wielding a +9 battleaxe.
The meat berserker shouts!
The meat berserker rages.
You hear a shout! x2
The meat berserker rages.
You hear a shout! x5
The meat berserker hits you with a +9 battleaxe!!!
Ouch! That really hurt!
You die...

...###)......###.
.....#.).....#
.....#.oo....#.
........o.o....
......OOOo.....
...o.o.o.......
...o.O.o.o....#
....#o....o..#.
..ooO..@O...o#
...##.#o.......
.. ...o..... #.
..#.....## .. ...


oO.Oo.. .. .... ....o.. # ..... .=..... ###### ####### You could see a large bag
of meat (inner flame), 7 meat berserkers and 21 bags of meat.

Vanquished Creatures
  An orc (D)
1 creature vanquished.

Notes
Turn   | Place    | Note
-------+----------+-------------------------------------------
     0 | D        | Found the +∞ Axe of Woe
     0 | D        | Groucho the Djinni Warper began the quest for the Orb.
     0 | D        | Groucho set off with the following spells memorised: Blink,
                  | Lesser Beckoning, Vhi's Electric Charge, Teleport Other,
                  | Manifold Assault.
     0 | D        | Reached XP level 1. HP: 18/18 MP: 0/0
     1 | D        | Noticed a bag of meat
     2 | D        | Noticed a bag of meat
     4 | D        | Became a worshipper of Makhleb the Destroyer
     5 | D        | Noticed a bag of meat
     5 | D        | Noticed a meat berserker
     6 | D        | Noticed a meat berserker
     7 | D        | Noticed a bag of meat
     7 | D        | Noticed a bag of meat
     7 | D        | Noticed a bag of meat
     8 | D        | Noticed a bag of meat
     8 | D        | Noticed a bag of meat
     8 | D        | Noticed a bag of meat
     9 | D        | Noticed a bag of meat
     9 | D        | Noticed a bag of meat
     9 | D        | Noticed a bag of meat
     9 | D        | Noticed a bag of meat
     9 | D        | Noticed a bag of meat
     9 | D        | Noticed a bag of meat
     9 | D        | Noticed a meat berserker
    10 | D        | Killed a bag of meat
    10 | D        | Noticed a meat berserker
    10 | D        | Noticed a bag of meat
    10 | D        | Noticed a bag of meat
    11 | D        | Reached skill level 15 in Axes
    11 | D        | Reached skill level 10 in Spellcasting
    11 | D        | Reached XP level 2. HP: 23/23 MP: 0/0
    11 | D        | Reached XP level 3. HP: 28/28 MP: 0/0
    11 | D        | Learned a level 1 spell: Shock
    11 | D        | Reached XP level 4. HP: 33/33 MP: 0/0
    11 | D        | Reached XP level 5. HP: 38/38 MP: 0/0
    11 | D        | Learned a level 2 spell: Poisonous Vapours
    11 | D        | Reached XP level 6. HP: 43/43 MP: 0/0
    11 | D        | Reached XP level 7. HP: 49/49 MP: 0/0
    11 | D        | Learned a level 2 spell: Scorch
    11 | D        | Reached XP level 8. HP: 54/54 MP: 0/0
    11 | D        | Reached XP level 9. HP: 58/58 MP: 0/0
    11 | D        | Learned a level 4 spell: Fulminant Prism
    11 | D        | Reached XP level 10. HP: 64/64 MP: 0/0
    11 | D        | Reached XP level 11. HP: 68/68 MP: 0/0
    11 | D        | Learned a level 5 spell: Freezing Cloud
    11 | D        | Noticed a meat berserker
    12 | D        | Noticed a bag of meat
    12 | D        | Noticed a bag of meat
    12 | D        | Noticed a bag of meat
    12 | D        | Noticed a bag of meat
    12 | D        | Noticed a bag of meat
    12 | D        | Noticed a bag of meat
    12 | D        | Noticed a large bag of meat
    12 | D        | Noticed a meat berserker
    13 | D        | Noticed a meat berserker
    14 | D        | Mangled by a meat berserker

Illustrated notes

Levels and vault maps discovered:
D:        meatsprint

Skill      XL: |  1 |
---------------+----+-----
Axes           | 15 | 15.6
Dodging        | 14 | 14.5
Spellcasting   | 10 | 10.6
Fighting       | |  2.0
Throwing       | |  0.7
Armour         | |  1.0

Action                     |  1- 3 |  4- 6 |  7- 9 | 10-12 || total
---------------------------+-------+-------+-------+-------++-------
  Melee: Executioner's axe |     1 |       |       |       ||     1
    Use: Scroll            |       |       |       |     1 ||     1
  Dodge: Dodged            |     1 |       |       |     2 ||     3
